 Dungeon Crawl Stone Soup version 0.18-a0-1343-g48c8f86 (webtiles) character file.

257 Duffy the Sneak (level 5, -2/24 HPs)
             Began as a Spriggan Enchanter on Feb 16, 2016.
             Slain by a slave (9 damage)
             ... led by Pikel
             ... on level 4 of the Dungeon.
             The game lasted 00:04:16 (2233 turns).

Duffy the Sneak (Spriggan Enchanter)                Turns: 2233, Time: 00:04:16

Health: -2/24      AC:  3    Str:  4    XL:     5   Next: 93%
Magic:  6/10       EV: 18    Int: 17    God:
Gold:   37         SH:  0    Dex: 17    Spells: 3 memorised, 3 levels left

rFire  . . .     SeeInvis +     a - +1 dagger
rCold  . . .     Gourm    .     b - +1 robe
rNeg   . . .     Faith    .     (shield restricted)
rPois  .         Spirit   .     (helmet restricted)
rElec  .         Dismiss  .     (no cloak)
rCorr  .         Reflect  .     (gloves unavailable)
SustAt .         Harm     .     (boots unavailable)
MR     .....                    (no amulet)
Stlth  ++++......               (no ring)
                                (no ring)

@: very quick, not resistant to hostile enchantments, stealthy
A: unfitting armour, see invisible, herbivore 3, speed 3, slow metabolism 2
a: no special abilities


You were on level 4 of the Dungeon.
You were hungry.

You visited 1 branch of the dungeon, and saw 5 of its levels.

You collected 37 gold pieces.


Innate Abilities, Weirdness & Mutations

You are tiny and cannot use many weapons and most armour.
You have supernaturally acute eyesight.
You are an herbivore.
You cover ground extremely quickly.
You need consume almost no food.


   Skills:
 + Level 4.7 Short Blades
 - Level 3.0 Dodging
 + Level 7.9 Stealth
 - Level 2.6 Spellcasting
 - Level 3.6 Hexes


You had 3 spell levels left.
You knew the following spells:

 Your Spells              Type           Power        Failure   Level  Hunger
a - Ensorcelled Hibernat  Hex/Ice        #.....       17%         2    ##.....
c - Confuse               Hex            ##......     14%         3    ###....
r - Corona                Hex            ##.....      4%          1    #......

Inventory:

Hand Weapons
 a - a +1 dagger (weapon)
Armour
 b - a +1 robe (worn)
Scrolls
 e - 2 scrolls of teleportation {unknown}
 i - a scroll of magic mapping {unknown}
 j - a scroll of recharging {unknown}
 k - 2 scrolls of identify {unknown}
Potions
 f - a potion of curing {unknown}
 h - a potion of lignification {unknown}
 l - a potion of flight {unknown}
Books
 c - a book of Maledictions
Comestibles
 d - 2 bread rations
 g - a royal jelly

Dungeon Overview and Level Annotations

Branches:
Dungeon (5/15)
 Temple: D:4-7

Altars:

Annotations:
D:4 Pikel


Message History

You are feeling hungry.
The slave hits you but does no damage.
The helpless orc priest fails to defend itself.
You perforate the orc priest like a sieve!!!
You kill the orc priest!
The slave hits you.
Things that are here:
a mace of venom; a ring mail; an orc corpse
Things that are here:
a scale mail; a mace The slave misses you.
You see here 21 stones.
The slave hits you.
You see here a scroll labeled GELUDGH EJUC.
k - 2 scrolls labeled GELUDGH EJUC (gained 1)
Found 14 gold pieces.
Pikel shouts!
The slave shouts!
Found an escape hatch in the ceiling.
You see here a bread ration.
d - 2 bread rations (gained 1)
Your magical contamination has completely faded away.
You see here a hand axe.
Pikel hits you with a whip of flaming. Pikel burns you.
Pikel hits you with a whip of flaming! Pikel burns you.
Things that are here:
a mace of venom; a ring mail; an orc corpse Cast which spell? (? or * to list)
Aiming: Confuse
Press: ? - help, Shift-Dir - straight line, f - slave
Aim: a slave, wearing an animal skin (chance to defeat MR: 45%)
The slave appears confused.
The slave hits Pikel.
You hit the slave but do no damage. The slave misses you.
You barely miss the slave. The slave hits you!
You die...

##..p..#..................#
#####....#....p..p.......######
# ###.##.#.#####.#........... #
#.##.#.# #.#.##.##.### #
#.##.#.#####.#p##.# #
#..............p..# #
########.....####.##.##.##.###
.............####.##..........
+#######...(.SKp@...(......##
#.....####.#.###.##.# ####..#
#.#.# #.# $# #..# #.#.# #.# .#
.. #####..####.#.###.##.#...
#.......[.##.#...l........
#.####..#.##.#####........
#..#.##.####..###.#..
#....p#.##....#


You could see Pikel, a slave (confused) and an adder.

Action                   |  1- 3 |  4- 6 || total
-------------------------+-------+-------++-------
Melee: Dagger            |    56 |    39 ||    95
 Cast: Ensorcelled Hiber |     6 |    10 ||    16
       Confuse           |       |     2 ||     2
 Stab: Sleeping          |     8 |     9 ||    17
       Confused          |       |     1 ||     1

Notes
Turn   | Place    | Note
--------------------------------------------------------------
     0 | D:1      | Duffy the Spriggan Enchanter began the quest for the Orb.
     0 | D:1      | Reached XP level 1. HP: 9/9 MP: 5/5
   151 | D:2      | Reached XP level 2. HP: 5/13 MP: 6/6
   452 | D:2      | Reached skill level 5 in Stealth
   468 | D:2      | Reached skill level 2 in Short Blades
   472 | D:2      | Learned a level 2 spell: Ensorcelled Hibernation
   790 | D:2      | Reached XP level 3. HP: 12/16 MP: 8/8
   797 | D:2      | Learned a level 3 spell: Confuse
   953 | D:4      | Noticed a slave
   964 | D:5      | Entered Level 5 of the Dungeon
  1224 | D:4      | Noticed a slave
  1225 | D:4      | Noticed a slave
  1226 | D:4      | Noticed Pikel
  1226 | D:4      | Noticed a slave
  1244 | D:4      | Reached skill level 3 in Short Blades
  1244 | D:4      | Reached skill level 6 in Stealth
  1244 | D:4      | Reached XP level 4. HP: 21/21 MP: 4/9
  1754 | D:4      | Reached XP level 5. HP: 22/24 MP: 0/10
  1917 | D:5      | Reached skill level 7 in Stealth
  1919 | D:5      | Noticed an ogre
  1941 | D:5      | Killed an ogre
  1941 | D:5      | Reached skill level 4 in Short Blades
  2006 | D:5      | Noticed an ice beast
  2233 | D:4      | Slain by a slave

Vault maps used:
D:1:      dpeg_arrival_shelter, minmay_misc_feat_chi, columned_hall_lemuel
D:4:      first_bread, kennysheep_small_square, uniq_pikel
D:5:      led_sif_pool, temple_hall

Vanquished Creatures
  An ogre
  An orc priest
  A hound
  An orc wizard
  A worker ant
  4 adders
  3 giant geckos
  2 orcs
  4 bats
  3 hobgoblins
  2 jackals
  2 kobolds
  A ball python
  2 giant newts
  7 goblins
35 creatures vanquished.
